 Dungeon Crawl Stone Soup version 0.29.0-13-gc9e81de378 (webtiles) character file.

Game seed: 6718961114482812365

97110 robertstho the Tortoise (level 16, -8/160 HPs)
             Began as a Tengu Berserker on Sept 9, 2022.
             Was a High Priest of Trog.
             Mangled by an orc warrior
             ... wielding a +0 halberd
              (11 damage)
             ... on level 2 of the Orcish Mines.
             The game lasted 00:41:44 (26578 turns).

robertstho the Tortoise (Tengu Berserker)          Turns: 26578, Time: 00:41:44

Health: -8/160     AC: 24    Str: 26    XL:     16   Next: 18%
Magic:  0/17       EV: 18    Int: 18    God:    Trog [*****.]
Gold:   1658       SH:  0    Dex: 14    Spells: 15/15 levels left

rFire   + + +      SeeInvis .   M - +7 quarterstaff "Kuwas" {venom, rPois Int+4}
rCold   + . .      Faith    .   (shield currently unavailable)
rNeg    . . .      Spirit   +   R - +0 shadow dragon scales
rPois   +          Reflect  .   p - +0 hat of Ru's Hope {rF++ Int+7}
rElec   .          Harm     .   N - scarf {rC+ rF+}
rCorr   .          Rampage  .   W - +0 pair of gloves
Will    +....                   (boots unavailable)
Stlth   ..........              F - amulet of guardian spirit
HPRegen 0.36/turn               X - +4 ring of evasion
MPRegen 0.15/turn               c - +4 ring of protection

@: berserking, flying quickly and evasively, very quick
A: beak, talons 3, nimble flight, poison resistance, noise suppression
a: Renounce Religion, Berserk, Trog's Hand, Brothers in Arms


You were on level 2 of the Orcish Mines.
You worshipped Trog.
Trog was extremely pleased with you.
You visited 3 branches of the dungeon, and saw 20 of its levels.
You also visited: Sewer and Gauntlet.

You collected 2234 gold pieces.
You spent 576 gold pieces at shops.

Inventory:

Hand Weapons
 j - a +4 demon trident of flaming
 G - the +6 trident of Valour {vorpal, rPois}
   (You took it off a spriggan on level 4 of the Lair of Beasts)

   It inflicts extra damage upon your enemies.
   rPois:     It protects you from poison.
 M - the +7 quarterstaff "Kuwas" (weapon) {venom, rPois Int+4}
   (You bought it in a shop on level 11 of the Dungeon)

   It poisons the flesh of those it strikes.
   Int:       It affects your intelligence (+4).
   rPois:     It protects you from poison.
 Q - the +5 glaive of Aboloast {protect, rC+ Dex-5 Stlth+}
   (You took it off a minotaur in a Gauntlet)

   It grants its wielder temporary protection when it strikes (+7 to AC).
   Dex:       It affects your dexterity (-5).
   rC:        It protects you from cold.
   Stlth:     It makes you more stealthy.
Armour
 p - the +0 hat of Ru's Hope (worn) {rF++ Int+7}
   (You found it in a Gauntlet)

   Int:       It affects your intelligence (+7).
   rF:        It greatly protects you from fire.
 E - +2 fire dragon scales
 H - +0 swamp dragon scales
 N - a scarf of resistance (worn)
 R - +0 shadow dragon scales (worn)
 S - the +3 buckler of Subjectivity {rN+ Str+2 Dex+4}
   (You found it in a Gauntlet)

   Str:       It affects your strength (+2).
   Dex:       It affects your dexterity (+4).
   rN:        It protects you from negative energy.
 U - a +0 kite shield of positive energy
 W - a +0 pair of gloves (worn)
Jewellery
 a - a ring of resist corrosion
 c - a +4 ring of protection (right hand)
 B - a ring of ice
 F - an amulet of guardian spirit (around neck)
 T - a ring of ice
 V - a ring of willpower
 X - a +4 ring of evasion (left hand)
Wands
 w - a wand of iceblast (5)
 J - a wand of acid (10)
 K - a wand of paralysis (5)
 L - a wand of mindburst (2)
Scrolls
 f - 6 scrolls of enchant armour
 h - 7 scrolls of teleportation
 k - 5 scrolls of fog
 l - 4 scrolls of fear
 n - a scroll of blinking
 s - 4 scrolls of enchant weapon
 u - 2 scrolls of vulnerability
 v - a scroll of torment
 z - 2 scrolls of summoning {unknown}
 A - 2 scrolls of magic mapping
 P - 2 scrolls of poison
Potions
 d - 4 potions of mutation
 e - a potion of ambrosia
 g - 2 potions of attraction
 i - 2 potions of heal wounds
 m - 13 potions of curing
 q - 2 potions of resistance
 C - 2 potions of might
 D - 3 potions of haste


   Skills:
 * Level 14.8 Fighting
 + Level 4.0 Short Blades
 + Level 11.3(13.5) Maces & Flails
 + Level 9.4(12.0) Polearms
 + Level 12.0(14.9) Staves
 * Level 15.9 Armour
 + Level 6.9 Dodging
 + Level 6.2 Stealth
 + Level 6.5 Shields
 + Level 1.0 Evocations


You had 15 spell levels left.
You didn't know any spells.
Your spell library was empty.

Dungeon Overview and Level Annotations

Branches:
Dungeon (13/15)            Temple (0/1) D:7            Lair (5/5) D:11
 Shoals (0/4) Lair:3        Snake (0/4) Lair:3        Slime (0/5) Lair:4
    Orc (2/2) D:9             Elf (0/3) Orc:2        Vaults (0/5) D:13
  Sewer (visited)         Gauntlet (visited)

Altars:
Cheibriados
Dithmenos
Uskayaw
Wu Jian

Shops:
D:2 =   D:7 [   D:11 (   D:12 *   Orc:1 [   Orc:2 (=*:[

Portals:
Trove: D:13 (give +4 ice dragon scales)


Innate Abilities, Weirdness & Mutations

You have a beak for a mouth.
You have claws for feet.
Your magical nature lets you fly swiftly and evasively.
Your system is resistant to poisons. (rPois)
You passively dampen the noise of your surroundings.


Message History

The orc knight hits you with a +0 glaive!
* * * LOW HITPOINT WARNING * * *
You hit the orc knight but do no damage.
The orc knight looks as sick as possible!
You claw the orc knight, but do no damage.
You peck the orc knight.
The orc knight is heavily wounded.
Unknown command.
You closely miss the orc knight.
The orc knight is heavily wounded.
You sock the orc knight!
The orc knight looks as sick as possible!
You claw the orc knight, but do no damage.
Your peck misses the orc knight.
The orc knight is severely wounded.
The orc knight roars a battlecry!
The orc warrior goes into a battle-frenzy!
The orc warrior closely misses you.
The orc warrior hits you from afar with a +0 halberd.
* * * LOW HITPOINT WARNING * * *
You sock the orc knight!
The orc knight looks as sick as possible!
Your kick misses the orc knight. You peck the orc knight.
You kill the orc knight!
Trog accepts your kill.
Your base Staves skill increases to level 12!
You sock the orc warrior! You claw the orc warrior!
The orc warrior is heavily wounded.
The orc warrior hits you with a +0 flail!!
* * * LOW HITPOINT WARNING * * *
The orc warrior hits you from afar with a +0 halberd!!
* * * LOW HITPOINT WARNING * * *
You closely miss the orc warrior.
The orc warrior is heavily wounded.
You barely miss the orc warrior. You claw the orc warrior!
Your peck misses the orc warrior.
The orc warrior is almost dead.
The orc warrior misses you.
The orc warrior hits you from afar with a +0 halberd!
You die...

................................)
#######.###.###.####### #∩.. #.#
#.# #.#.._..# #...
#.###.###.#.....# #...
#.........#.....# ...
#.###.###.###'### ...###'###.#
#.# #.).....) ......ooo..# #.#
#..⌠...⌠)
...###'##@.###.###.......)


.oo #)................ #... #..#######.###.### #∩.. #..# #.# #.# # ####
#..#######.###.### .................. .................. ...############### You
could see 2 orc warriors and an orc (strong).

Vanquished Creatures
  An orc warlord (Orc:1)
  The ghost of SnakkuSnakku7 the Severer, a journeyman NaWr of the Shining One (Lair:4)
  A very ugly thing (D:13)
  A minotaur (Gauntlet)
  5 vault guards (D:13)
  Harold (D:11)
  9 hydras
  An ogre mage (D:13)
  5 catoblepae
  4 boulder beetles
  6 two-headed ogres
  A death knight (D:13)
  2 centaur warriors (D:13)
  21 death yaks
  A necromancer (D:10)
  6 orc knights (Orc:2)
  2 deep elf pyromancers (D:13)
  2 orc sorcerers
  5 cyclopes
  4 manticores
  6 ugly things
  Maurice (D:8)
  12 elephants
  5 black mambas
  Maggie (D:8)
  3 gargoyles
  A torpor snail (Lair:3)
  12 cane toads
  2 kobold demonologists
  11 komodo dragons
  3 rime drakes (Lair:5)
  A yaktaur (D:13)
  A tyrant leech (Gauntlet)
  9 trolls
  2 merfolk (Lair:3)
  3 polar bears (Lair:4)
  Grinder (D:6)
  11 slime creatures
  2 hornets
  14 blink frogs
  A spriggan (Lair:4)
  60 yaks
  A wraith (D:13)
  Eustachio (D:5)
  4 wyverns
  2 basilisks
  6 vampire mosquitoes
  Menkaure (D:6)
  2 swamp worms (Gauntlet)
  5 wargs (Orc:2)
  2 acid dragons
  A swamp worm (shapeshifter) (Gauntlet)
  15 water moccasins
  A sky beast (D:6)
  2 ice beasts (D:7)
  23 orc warriors
  A boggart (Lair:4)
  4 ogres
  4 centaurs
  16 wolves
  2 phantoms (D:5)
  9 kobold brigands
  3 necrophages
  Blork the orc (D:6)
  17 bullfrogs
  2 scorpions (D:5)
  6 wights
  6 killer bees
  An electric eel (Lair:4)
  8 howler monkeys
  6 orc priests
  Crazy Yiuf (D:2)
  3 hounds
  Ijyb (D:3)
  An iguana (D:6)
  20 orc wizards
  6 polar bear simulacra (D:10)
  A yak simulacrum (D:10)
  2 wolf simulacra (D:10)
  14 adders
  4 gnolls
  4 river rats
  A white imp (D:6)
  3 ufetubi
  3 worms
  5 dart slugs
  58 orcs
  5 endoplasms
  3 giant cockroaches
  A giant cockroach (shapeshifter) (Gauntlet)
  14 goblins
  6 hobgoblins
  9 jackals
  33 kobolds
  8 quokkas
  6 ball pythons
  8 bats
  9 frilled lizards
  9 rats
  2 river rat simulacra (D:10)
633 creatures vanquished.

Vanquished Creatures (collateral kills)
  A hydra (D:13)
  A catoblepas (Gauntlet)
  An orc high priest (Orc:2)
  A spriggan (Lair:4)
  2 orc knights (Orc:2)
  2 gargoyles (Gauntlet)
  A hornet (Lair:4)
  A basilisk (D:13)
  A warg (Orc:2)
  8 orc warriors
  2 ogres
  2 orc priests (Orc:1)
  5 orc wizards
  15 orcs
43 creatures vanquished.

Vanquished Creatures (others)
  6 fungi
  39 plants
  13 withered plants (D:3)
58 creatures vanquished.

Grand Total: 734 creatures vanquished

Notes
Turn   | Place    | Note
-------+----------+-------------------------------------------
     0 | D:1      | robertstho the Tengu Berserker began the quest for the Orb.
     0 | D:1      | Reached XP level 1. HP: 14/14 MP: 2/2
    71 | D:1      | Reached XP level 2. HP: 2/19 MP: 3/3
  1035 | D:2      | Reached XP level 3. HP: 23/23 MP: 4/4
  1300 | D:2      | Reached ** piety under Trog
  1418 | D:2      | Found Bejank's Jewellery Shop.
  1726 | D:2      | Reached XP level 4. HP: 26/29 MP: 5/5
  1764 | D:2      | Gained mutation: You passively dampen the noise of your
                  | surroundings. [potion of mutation]
  1764 | D:2      | Gained mutation: Your system is resistant to poisons.
                  | (rPois) [potion of mutation]
  1769 | D:2      | Reached skill level 3 in Armour
  2029 | D:2      | Found a runed translucent door.
  2035 | D:2      | Noticed Crazy Yiuf
  2039 | D:2      | Paralysed by Crazy Yiuf for 3 turns
  2042 | D:2      | Killed Crazy Yiuf
  2220 | D:3      | Gained mutation: Your magical nature lets you fly swiftly
                  | and evasively. [Tengu growth]
  2220 | D:3      | Reached XP level 5. HP: 33/33 MP: 6/6
  2441 | D:3      | Found a glowing drain.
  2446 | Sewer    | Entered a sewer
  2550 | Sewer    | Reached skill level 1 in Maces & Flails
  2791 | Sewer    | Reached skill level 4 in Armour
  2791 | Sewer    | Reached XP level 6. HP: 39/39 MP: 7/7
  2962 | D:3      | Identified the +0 robe "Niufapti" {Harm rN+}
  3322 | D:3      | Noticed Ijyb
  3328 | D:3      | Killed Ijyb
  3366 | D:3      | Identified a scroll of acquirement
  3369 | D:3      | Acquired a +4 ring of protection
  3488 | D:3      | Found a faded altar of an unknown god.
  3498 | D:3      | Reached *** piety under Trog
  4002 | D:4      | Reached XP level 7. HP: 35/44 MP: 8/8
  4418 | D:5      | Entered Level 5 of the Dungeon
  4441 | D:5      | Reached skill level 5 in Fighting
  4447 | D:5      | Reached skill level 5 in Armour
  4862 | D:5      | Reached skill level 1 in Stealth
  5365 | D:5      | Reached XP level 8. HP: 49/49 MP: 9/9
  5372 | D:5      | Reached skill level 5 in Maces & Flails
  5646 | D:6      | Noticed Blork the orc
  5647 | D:6      | Noticed Eustachio
  5675 | D:5      | Killed Eustachio
  5676 | D:5      | Reached skill level 6 in Armour
  5791 | D:6      | Killed Blork the orc
  5807 | D:6      | Reached skill level 7 in Armour
  6095 | D:6      | Noticed Menkaure
  6101 | D:6      | Killed Menkaure
  6102 | D:6      | Reached XP level 9. HP: 16/56 MP: 10/10
  6379 | D:6      | Found a snail-covered altar of Cheibriados.
  6505 | D:6      | Noticed Grinder
  6513 | D:6      | Killed Grinder
  6514 | D:6      | Reached skill level 8 in Armour
  6613 | D:6      | Found a shadowy altar of Dithmenos.
  7046 | D:7      | Found Cheibriados's Comfort Zone.
  7050 | D:7      | Reached **** piety under Trog
  7056 | D:7      | Found a snail-covered altar of Cheibriados.
  7141 | D:7      | Found a staircase to the Ecumenical Temple.
  7202 | D:7      | Reached skill level 1 in Shields
  7748 | D:8      | Noticed Maurice
  7765 | D:8      | Killed Maurice
  7766 | D:8      | Reached skill level 9 in Armour
  7766 | D:8      | Reached XP level 10. HP: 60/63 MP: 11/11
  8242 | D:8      | Noticed Maggie
  8254 | D:8      | Killed Maggie
  8696 | D:9      | Found a staircase to the Orcish Mines.
  8778 | D:9      | Noticed a two-headed ogre
  8784 | D:9      | Killed a two-headed ogre
  9066 | D:9      | Noticed a kobold demonologist
  9075 | D:9      | Killed a kobold demonologist
  9076 | D:9      | Reached skill level 10 in Armour
  9311 | D:9      | Reached XP level 11. HP: 63/69 MP: 10/12
  9667 | D:10     | Entered Level 10 of the Dungeon
  9819 | D:10     | Reached skill level 5 in Dodging
  9878 | D:10     | Noticed a two-headed ogre
  9884 | D:10     | Killed a two-headed ogre
  9885 | D:10     | Reached skill level 5 in Shields
  9889 | D:10     | Reached skill level 10 in Maces & Flails
 10022 | D:10     | Reached ***** piety under Trog
 10242 | D:10     | Found an ornate altar of the Wu Jian Council.
 10242 | D:10     | Found a hide-covered altar of Uskayaw.
 10299 | D:10     | Noticed a necromancer
 10305 | D:10     | Killed a necromancer
 10472 | D:10     | Noticed a two-headed ogre
 10480 | D:10     | Killed a two-headed ogre
 10569 | D:11     | Found Puesoots's Antique Weapon Shoppe.
 10584 | D:11     | Bought an ichor-stained quarterstaff for 297 gold pieces
 10584 | D:11     | Identified the +7 quarterstaff "Kuwas" {venom, rPois Int+4}
                  | (You bought it in a shop on level 11 of the Dungeon)
 10586 | D:11     | Noticed a manticore
 10598 | D:11     | Killed a manticore
 10628 | D:11     | Found a gate leading to a gauntlet.
 10628 | D:11     | Found a staircase to the Lair.
 10637 | Gauntlet | Entered a Gauntlet
 10637 | Gauntlet | Found a transporter.
 10637 | Gauntlet | Found a transporter.
 10653 | Gauntlet | Noticed a catoblepas
 10784 | Gauntlet | Found a transporter.
 10784 | Gauntlet | Found a transporter.
 10786 | Gauntlet | Found a large runed translucent door.
 10787 | Gauntlet | Found a large runed translucent door.
 10788 | Gauntlet | Found a large runed translucent door.
 10788 | Gauntlet | Found a large runed translucent door.
 10788 | Gauntlet | Found a runed translucent door.
 10789 | Gauntlet | Found a large runed translucent door.
 10792 | Gauntlet | Found a transporter.
 10795 | Gauntlet | Found a large runed translucent door.
 10795 | Gauntlet | Found a large runed translucent door.
 10796 | Gauntlet | Found a large runed translucent door.
 10797 | Gauntlet | Found a runed translucent gate.
 10804 | Gauntlet | Found a transporter.
 10806 | Gauntlet | Found a transporter.
 10807 | Gauntlet | Found a transporter.
 10807 | Gauntlet | Found a runed translucent gate.
 10808 | Gauntlet | Found a runed translucent gate.
 10809 | Gauntlet | Found a transporter.
 10809 | Gauntlet | Found a large runed translucent door.
 10809 | Gauntlet | Noticed a balrug
 10810 | Gauntlet | Found a large runed translucent door.
 10811 | Gauntlet | Found a large runed translucent door.
 10813 | Gauntlet | Found a transporter.
 10847 | Gauntlet | Found a transporter.
 10854 | Gauntlet | Found a runed translucent door.
 10863 | Gauntlet | Found a large runed translucent door.
 10863 | Gauntlet | Found a large runed translucent door.
 10863 | Gauntlet | Found a large runed translucent door.
 10864 | Gauntlet | Found a large runed translucent door.
 10865 | Gauntlet | Found a large runed translucent door.
 10867 | Gauntlet | Found a transporter.
 10900 | Gauntlet | Found a transporter.
 10916 | Gauntlet | Found a transporter.
 10916 | Gauntlet | Found the +1 cloak of Starlight {*Dazzle EV+4 Stlth--}
 11016 | Gauntlet | Found a transporter.
 11030 | Gauntlet | Found a transporter.
 11030 | Gauntlet | Noticed a manticore
 11032 | Gauntlet | Noticed a goliath frog
 11038 | Gauntlet | Noticed a boulder beetle
 11038 | Gauntlet | a goliath frog changed into a boulder beetle
 11041 | Gauntlet | a boulder beetle changed into a slime creature
 11061 | Gauntlet | Noticed a goliath frog
 11066 | Gauntlet | Noticed an ettin
 11066 | Gauntlet | a goliath frog changed into an ettin
 11068 | Gauntlet | a manticore changed into a culicivora
 11075 | Gauntlet | Noticed a bunyip
 11075 | Gauntlet | an ettin changed into a bunyip
 11076 | Gauntlet | a bunyip changed into something unseen
 11131 | Gauntlet | Killed a catoblepas
 11135 | Gauntlet | Reached skill level 11 in Armour
 11311 | Gauntlet | Noticed an anaconda
 11327 | Gauntlet | an anaconda changed into a swamp worm
 11461 | Gauntlet | Reached XP level 12. HP: 77/77 MP: 10/13
 11465 | Gauntlet | Identified the +0 hat of Ru's Hope {rF++ Int+7}
 11511 | Gauntlet | Identified the +5 glaive of Aboloast {protect, rC+ Dex-5
                  | Stlth+}
 11511 | Gauntlet | Noticed a minotaur
 11527 | Gauntlet | Killed a minotaur
 11535 | Gauntlet | Identified the +3 buckler of Subjectivity {rN+ Str+2 Dex+4}
 11742 | D:11     | Noticed Harold
 11751 | D:11     | Killed Harold
 11756 | D:11     | Reached skill level 10 in Fighting
 12008 | D:11     | Reached skill level 1 in Polearms
 13122 | D:12     | Noticed a two-headed ogre
 13133 | D:12     | Killed a two-headed ogre
 13134 | D:12     | Reached skill level 12 in Armour
 13635 | D:12     | Reached skill level 5 in Polearms
 13672 | D:12     | Found Joarph's Assorted Antiques.
 13676 | D:12     | Bought a scroll of identify for 62 gold pieces
 13676 | D:12     | Bought a blackened emerald ring for 155 gold pieces
 13676 | D:12     | Bought a scroll of identify for 62 gold pieces
 13942 | D:13     | Noticed a centaur warrior
 13952 | D:13     | Killed a centaur warrior
 14058 | D:13     | Found a portal to a secret trove of treasure.
 14291 | D:13     | Noticed a centaur warrior
 14307 | D:13     | Killed a centaur warrior
 14308 | D:13     | Reached XP level 13. HP: 78/84 MP: 12/14
 14404 | D:13     | Noticed a vault guard
 14692 | D:13     | Killed a vault guard
 14821 | D:13     | Noticed a vault guard
 14833 | D:13     | Killed a vault guard
 15044 | D:13     | Found a gate to the Vaults.
 15044 | D:13     | Noticed a vault guard
 15044 | D:13     | Noticed a vault guard
 15051 | D:13     | Killed a vault guard
 15062 | D:13     | Killed a vault guard
 15238 | D:13     | Noticed a vault guard
 15253 | D:13     | Killed a vault guard
 15747 | D:13     | Reached skill level 13 in Armour
 16122 | D:13     | Reached skill level 1 in Staves
 16439 | D:13     | Noticed a white very ugly thing
 16471 | D:13     | Killed a white very ugly thing
 16687 | D:13     | Reached XP level 14. HP: 74/92 MP: 15/15
 16762 | Lair:1   | Entered Level 1 of the Lair of Beasts
 16794 | Lair:1   | Reached skill level 1 in Evocations
 17220 | Lair:1   | You are sucked into a shaft and drop 1 floor!
 17432 | Lair:2   | Reached skill level 5 in Staves
 17747 | Lair:2   | Reached skill level 14 in Armour
 18135 | Lair:3   | Reached skill level 5 in Stealth
 18303 | Lair:3   | Found a staircase to the Snake Pit.
 18836 | Lair:3   | Found a staircase to the Shoals.
 19045 | Lair:3   | Found a runed translucent door.
 19386 | Lair:4   | Found a runed translucent door.
 19590 | Lair:4   | Found a staircase to the Slime Pits.
 19611 | Lair:4   | Received a gift from Trog
 20178 | Lair:4   | Identified the +6 trident of Valour {vorpal, rPois}
 20180 | Lair:4   | Noticed SnakkuSnakku7's ghost (journeyman NaWr)
 21121 | Lair:4   | Killed SnakkuSnakku7's ghost
 21138 | Lair:4   | Reached XP level 15. HP: 50/98 MP: 4/16
 21346 | Lair:5   | Entered Level 5 of the Lair of Beasts
 21931 | Lair:5   | Reached skill level 15 in Armour
 22793 | Lair:5   | Reached skill level 10 in Staves
 23772 | Lair:5   | Received a gift from Trog
 24954 | Orc:1    | Entered Level 1 of the Orcish Mines
 24960 | Orc:1    | Noticed an orc warlord
 24992 | Orc:1    | Killed an orc warlord
 25023 | Orc:1    | Found Kosigoepn's Antique Armour Boutique.
 25495 | Orc:2    | Entered Level 2 of the Orcish Mines
 25496 | Orc:2    | Found a staircase to the Elven Halls.
 25563 | Orc:2    | Reached XP level 16. HP: 88/107 MP: 14/17
 26107 | Orc:2    | Found Zodeyrah's Antique Armour Shop.
 26140 | Orc:2    | Found Femit's Book Emporium.
 26140 | Orc:2    | Found Lesokkaff's General Store.
 26416 | Orc:2    | Received a gift from Trog
 26533 | Orc:2    | Found Zopinufu's Jewellery Emporium.
 26533 | Orc:2    | Found Pies's Weapon Boutique.
 26576 | Orc:2    | HP: 3/160 [orc warrior/+0 halberd (16)]
 26578 | Orc:2    | Mangled by an orc warrior

Illustrated notes

Levels and vault maps discovered:
D:1:      spicycebolla_green_bress_n_ham_2, layout_rooms
D:2:      wad_woods_settlement, layout_basic, serial_shops, shop,
          uniq_crazy_yiuf_cottage
D:3:      kennysheep_goblin_castle, layout_basic,
          shapermc_ecumenical_altar_flowoftime, lightli_sewer_entry_pipes
D:4:      layout_basic, kennysheep_cross_room, minivault_27
D:5:      layout_basic
D:6:      layout_loops_ring, kennysheep_slug_shrine,
          nicolae_dithmenos_through_a_glass_darkly, sword_in_stone,
          uniq_grinder, uniq_menkaure, uniq_eustachio
D:7:      layout_basic, minmay_temple_entry_glassed_door, minmay_shop_chei
D:8:      layout_loops_cross, uniq_maurice, uniq_maggie
D:9:      layout_stronghold, orc_0_dummy
D:10:     layout_cave_pools, gammafunk_temple_overflow_elements,
          eino_house_with_fridge
D:11:     layout_rooms, lair_entry_dummy, serial_shops, nicolae_diamond_shop,
          gauntlet_entry_generic, uniq_harold
D:12:     layout_stronghold, serial_shops, shop, serial_co_window_serial,
          co_window_paths_a, co_window_paths_b, co_window_of_opportunity_a,
          co_window_of_opportunity_a, co_window_cross_1,
          co_window_of_opportunity_a, co_window_cross_1, co_window_corner_a,
          co_window_paths_a, co_window_corner_b, co_window_of_opportunity_c,
          co_window_corner_cb, co_window_corner_b, co_window_corner_b,
          co_window_of_opportunity_c, glass_columns_a
D:13:     minmay_quarter_circles, layout_irregular_city,
          grunt_vaults_entry_fortified, enter_trove_1, serial_glass,
          glass_columns_b, glass_columns_b
Lair:1:   layout_chaotic_city, infiniplex_staircase_pool_2
Lair:2:   layout_roguey
Lair:3:   layout_long_grid, elwin_shoals_entry_rooms, dummy_snake_entry,
          pf_torpor_hydra
Lair:4:   layout_small_grid, slime_entry_1, ebering_ghost_funeral_grove,
          serial_bayou_pond_b, hibernation_bobbens
Lair:5:   evilmike_catoblepas_cave, layout_cave_pods, grunt_megastairs_3,
          serial_bayou_shore_b
Orc:1:    layout_caves, serial_shops, shop
Orc:2:    st_orc_town, layout_caves, serial_shops, nicolae_square_shop,
          nicolae_shop_window_shopping, nicolae_shop_trees, lemuel_statue_altar

Skill      XL: |  1  2  3  4  5  6  7  8  9 10 11 12 13 14 15 16 |
---------------+-------------------------------------------------+-----
Fighting       | 4 5 6 7 8 9 10 12 13 14 | 14.8
Armour         | 3 4 5 7 9 10 11 12 13 14 15 | 15.9
Short Blades   | 4 |  4.0
Maces & Flails | 1 3 4 6 8 9 11 | 11.3
Dodging        | 3 4 5 6 |  6.9
Stealth        | 1 2 3 4 5 6 |  6.2
Shields        | 2 4 6 |  6.5
Polearms       | 6 9 |  9.4
Staves         | 2 8 11 12 | 12.0
Evocations     | 1 |  1.0

Action                   |  1- 3 |  4- 6 |  7- 9 | 10-12 | 13-15 | 16-18 || total
-------------------------+-------+-------+-------+-------+-------+-------++-------
Melee: Short sword       |    93 |     3 |       |       |       |       ||    96
       Kick              |    29 |    33 |    70 |   158 |   415 |    54 ||   759
       Peck              |    11 |    15 |    33 |   104 |   278 |    32 ||   473
       Mace              |       |   142 |   270 |   315 |       |       ||   727
       Punch             |       |     1 |       |       |       |       ||     1
       Glaive            |       |       |       |   157 |   124 |       ||   281
       Quarterstaff      |       |       |       |       |   907 |   129 ||  1036
Invok: Berserk           |     1 |     5 |     3 |    15 |    21 |     3 ||    48
       Brothers in Arms  |       |       |       |     1 |     3 |     1 ||     5
       Trog's Hand       |       |       |       |       |       |     1 ||     1
Evoke: Wand              |       |       |       |       |    10 |       ||    10
  Use: Scroll            |     1 |     5 |     2 |     5 |     9 |     7 ||    29
       Potion            |       |     2 |       |     1 |     1 |       ||     4
 Stab: Sleeping          |     1 |       |       |     8 |    33 |     2 ||    44
       Distracted        |       |       |       |       |     1 |     1 ||     2
Armor: Animal skin       |    17 |       |       |       |       |       ||    17
       Ring mail         |    11 |    64 |       |       |       |       ||    75
       Skin              |       |     4 |       |       |       |       ||     4
       Chain mail        |       |     6 |   163 |       |       |       ||   169
       Plate armour      |       |       |    11 |    38 |       |       ||    49
       Swamp dragon scal |       |       |       |    97 |       |       ||    97
       Shadow dragon sca |       |       |       |   170 |   394 |    27 ||   591
Dodge: Dodged            |    59 |    86 |   157 |   331 |   706 |    74 ||  1413
Block: Kite shield       |       |       |    43 |   182 |       |       ||   225
       Buckler           |       |       |       |     3 |       |       ||     3
